 Dungeon Crawl Stone Soup version 0.20-a0-517-g5f97612 (webtiles) character file.

308 AlphabetPasta the Chopper (level 6, -9/56 HPs)
             Began as a Minotaur Monk on Jan 24, 2017.
             Mangled by an orc warrior
             ... wielding a +0 dire flail
              (22 damage)
             ... on level 6 of the Dungeon.
             The game lasted 00:10:13 (2843 turns).

AlphabetPasta the Chopper (Minotaur Monk)           Turns: 2843, Time: 00:10:15

Health: -9/56      AC: 13    Str: 22    XL:     6   Next: 17%
Magic:  5/5        EV:  7    Int:  7    God:
Gold:   132        SH:  0    Dex: 13    Spells: 5/5 levels left

rFire    + . .     SeeInvis .   a - +1 hand axe
rCold    . . .     Gourm    .   r - +0 plate armour
rNeg     . . .     Faith    .   (no shield)
rPois    .         Spirit   .   (helmet restricted)
rElec    .         Reflect  .   h - +1 cloak
rCorr    .         Harm     .   (no gloves)
MR       .....                  (no boots)
Stlth    ..........             (no amulet)
Regen    0.2/turn               (no ring)
                                n - ring of protection from fire

@: mighty, very slightly contaminated, hasted, very quick
A: retaliatory headbutt, horns 2
a: no special abilities


You were on level 6 of the Dungeon.
You were near starving.

You visited 1 branch of the dungeon, and saw 6 of its levels.

You collected 132 gold pieces.

Inventory:

Hand Weapons
 a - a +1 hand axe (weapon)
Armour
 b - a +0 robe
 h - a +1 cloak (worn)
 r - a +0 plate armour (worn)
Jewellery
 n - a ring of protection from fire (left hand)
Wands
 m - a wand of polymorph (18/24)
Scrolls
 e - a scroll of identify
 i - a scroll of remove curse
 l - 2 scrolls of magic mapping
Potions
 d - a potion of cure mutation
 j - a potion of magic {unknown}
 o - a potion of agility {unknown}
Comestibles
 c - 2 bread rations
 f - 2 chunks of flesh
 q - a royal jelly


   Skills:
 + Level 5.1 Fighting
 * Level 6.5 Axes
 + Level 3.4 Armour
 - Level 3.2 Dodging
 - Level 1.5 Stealth


You had 5 spell levels left.
You didn't know any spells.

Dungeon Overview and Level Annotations

Branches:
Dungeon (7/15)
 Temple: D:4-7

Altars:
The Shining One


Innate Abilities, Weirdness & Mutations

You reflexively headbutt those who attack you in melee.
You have a pair of horns on your head.


Message History

The hungry ghost is moderately damaged.
You slash the orc warrior! The hungry ghost barely misses you.
You furiously retaliate!
You headbutt the hungry ghost.
The orc warrior hits you with a dire flail!
* * * LOW HITPOINT WARNING * * *
You hit the hungry ghost. You headbutt the hungry ghost!
The hungry ghost is almost destroyed.
You hit the orc warrior. The hungry ghost closely misses you.
You barely miss the hungry ghost. You headbutt the hungry ghost.
You destroy the hungry ghost!
Your Fighting skill increases to level 5!
Your Axes skill increases to level 6!
Your Armour skill increases to level 3!
You have reached level 6!
Your experience leads to an increase in your attributes!
Your base attributes are Str 16, Int 7, Dex 13.
Increase (S)trength, (I)ntelligence, or (D)exterity?
You feel stronger.
You slash the orc warrior!
The orc warrior hits you with a dire flail!!
You die...

#$...?..
......
.....
#....
..o#
#..#
#.o#
#.@#
####


You could see an orc warrior and an orc.

Vanquished Creatures
  A hungry ghost (D:6)
  A bullfrog (D:7)
  3 adders (D:2)
  A shadow imp (D:7)
  An ooze (D:3)
  A worm (D:2)
  2 dart slugs (D:1)
  4 leopard geckos
  7 orcs
  A ball python (D:3)
  3 giant cockroaches
  4 goblins
  3 hobgoblins
  A jackal (D:3)
  A quokka (D:3)
  4 bats (D:1)
  A frilled lizard (D:2)
  6 kobolds
  11 rats
56 creatures vanquished.

Notes
Turn   | Place    | Note
-------+----------+-------------------------------------------
     0 | D:1      | AlphabetPasta the Minotaur Monk began the quest for the Orb.
     0 | D:1      | Reached XP level 1. HP: 19/19 MP: 0/0
   106 | D:1      | Reached skill level 4 in Axes
   278 | D:1      | Reached XP level 2. HP: 27/27 MP: 1/1
   565 | D:1      | Found a glowing golden altar of the Shining One.
   678 | D:1      | Reached skill level 1 in Armour
   980 | D:2      | Reached XP level 3. HP: 23/33 MP: 2/2
  1829 | D:2      | Reached XP level 4. HP: 39/40 MP: 3/3
  2141 | D:3      | Reached skill level 5 in Axes
  2188 | D:3      | Found a faded altar of an unknown god.
  2671 | D:4      | You fall through a shaft for 3 floors!
  2733 | D:7      | Noticed a bullfrog
  2784 | D:7      | Noticed a phantom
  2799 | D:7      | Killed a bullfrog
  2799 | D:7      | Reached XP level 5. HP: 47/47 MP: 4/4
  2809 | D:7      | Noticed a hungry ghost
  2824 | D:6      | Paralysed by fainting for 12 turns
  2827 | D:6      | Noticed an orc warrior
  2843 | D:6      | Killed a hungry ghost
  2843 | D:6      | Reached skill level 5 in Fighting
  2843 | D:6      | Reached skill level 6 in Axes
  2843 | D:6      | Reached XP level 6. HP: 13/56 MP: 5/5
  2843 | D:6      | Mangled by an orc warrior

Vault maps used:
D:1:      lightli_arrival_lavapool, st_stairs_1, tso_metal_star
D:3:      chequers_ecumenical_altar_simple, serial_park_tiny_2
D:4:      uniq_blork_the_orc
D:6:      nicolae_gozag_cash_rules_everything_around_me, basic_altar,
          fedhas_altar_decomposition
D:7:      overflow_temple_1_default, vehumet_statue, minmay_misc_feat_chi,
          grunt_ogre_cave, makhleb_heckhound_becter

Skill      XL: |  1  2  3  4  5 |
---------------+----------------+-----
Axes           | 4 5 6 |  6.5
Armour         | 1 2 3 |  3.4
Fighting       | 4 5 |  5.1
Dodging        | |  3.2
Stealth        | |  1.5

Action                   |  1- 3 |  4- 6 || total
-------------------------+-------+-------++-------
Melee: Hand axe          |    67 |    74 ||   141
       Headbutt          |     8 |    17 ||    25
  Use: Scroll            |       |    11 ||    11
       Potion            |       |     3 ||     3
 Stab: Sleeping          |     1 |       ||     1
  Eat: Chunk             |     2 |     2 ||     4
       Meat ration       |       |     1 ||     1
Armor: Robe              |    11 |       ||    11
       Plate armour      |       |    53 ||    53
Dodge: Dodged            |    42 |    15 ||    57
